 Dungeon Crawl Stone Soup version 0.28-b1-25-g9875b3fc8c (webtiles) character file.

Game seed: 4522830652496840054

142 cayde69 the Skirmisher (level 5, 49/49 HPs)
             Began as a Hill Orc Fighter on Feb 2, 2022.
             Was a Follower of Fedhas.
             Quit the game on level 3 of the Dungeon.
             The game lasted 00:03:25 (2336 turns).

cayde69 the Skirmisher (Hill Orc Fighter)           Turns: 2336, Time: 00:03:25

Health: 49/49      AC:  9    Str: 21    XL:     5   Next: 24%
Magic:  5/5        EV:  9    Int:  8    God:    Fedhas [*.....]
Gold:   23         SH:  4    Dex: 10    Spells: 4/4 levels left

rFire   . . .      SeeInvis .   p - +7 club
rCold   . . .      Faith    .   c - +0 buckler
rNeg    . . .      Spirit   .   b - +0 scale mail
rPois   .          Reflect  .   u - +0 helmet
rElec   .          Harm     .   r - +0 cloak
rCorr   .          Rampage  .   (no gloves)
Will    .....                   (no boots)
Stlth   ..........              (no amulet)
HPRegen 0.16/turn               (no ring)
MPRegen 0.09/turn               (no ring)

@: no status effects
A: no striking features
a: Renounce Religion


You were on level 3 of the Dungeon.
You worshipped Fedhas.
Fedhas was aware of your devotion.
You visited 1 branch of the dungeon, and saw 3 of its levels.

You collected 23 gold pieces.

Inventory:

Hand Weapons
 a - a +0 war axe
 m - a +0 hunting sling of freezing
 p - a +7 club (weapon)
Missiles
 n - 84 stones (quivered)
 o - 45 sling bullets
Armour
 b - a +0 scale mail (worn)
 c - a +0 buckler (worn)
 r - a +0 cloak (worn)
 u - a +0 helmet (worn)
Scrolls
 e - a scroll of brand weapon {unknown}
 f - 2 scrolls of enchant armour {unknown}
 i - a scroll of enchant weapon {unknown}
 j - a scroll of vulnerability {unknown}
 k - a scroll of blinking {unknown}
 l - a scroll of teleportation {unknown}
 s - a scroll of holy word {unknown}
Potions
 d - 2 potions of might
 g - 2 potions of curing {unknown}
 h - a potion of mutation {unknown}
 q - a potion of cancellation {unknown}
 t - a potion of resistance {unknown}


   Skills:
 + Level 5.6 Fighting
 - Level 2.6(3.1) Axes
 * Level 1.8(2.3) Maces & Flails
 + Level 1.3 Slings
 - Level 3.2 Armour
 + Level 1.1 Dodging
 + Level 0.4 Stealth
 - Level 3.2 Shields


You had 4 spell levels left.
You didn't know any spells.
Your spell library was empty.

Dungeon Overview and Level Annotations

Branches:
Dungeon (3/15)

Altars:
Fedhas


Message History

Terence barely misses you.
You barely miss Terence.
Terence is almost dead.
Terence hits you with a +0 hand axe.
You hit Terence.
Terence is almost dead.
You block Terence's attack. Terence hits you but does no damage.
You hit Terence.
You kill Terence!
No target in view!
No target in view!
Things that are here:
a +0 hand axe; a +0 scale mail; the human corpse of Terence You see here 20 bolts.
Done exploring.
Done exploring.
Done exploring.
No target in view!
No target in view!
You see here a +0 dagger.
There is a stone staircase leading down here.
You climb downwards.
A sourceless malevolence fills the Dungeon... and a teleportation trap spontaneously manifests!
You are yanked towards a nearby monster!
Your surroundings suddenly seem different.
Splash!
You fall into the shallow water.
Moving in this stuff is going to be slow.
A quokka comes into view.
Found a faded altar of an unknown god.
You closely miss the quokka. You block the quokka's attack.
You sock the quokka!
You kill the quokka!
Found a twisted jewelled staff.
There is a faded altar of an unknown god here.
You cannot tell which god this altar belongs to.
Convert to them anyway?
Fedhas accepts your prayer! Fedhas welcomes you!
The plants of the dungeon cease their hostilities.
Are you sure you want to abandon this character and quit the game? (Confirm with "yes".)

##.....##
##§≈≈≈≈≈.##
##.§.....≈.##
##.≈≈.....≈.|#
##.≈.≈≈...≈.≈≈.
#.≈..≈.≈≈≈.≈..≈
##.≈≈≈≈≈≈≈.≈...≈
#......≈@.≈....≈
#..≈≈≈≈≈≈≈.≈..§≈
#..≈.§≈†≈≈≈.≈§§≈
#..#.≈.≈≈...≈.≈≈§
.....§≈≈.....≈§§.
.....§§§§....≈.##
#####.#.§≈≈≈≈.##
...#......#
.....###....


There were no monsters in sight!

Vanquished Creatures
  Jessica (D:2)
  Terence (D:2)
  4 adders (D:2)
  2 worms (D:2)
  2 dart slugs
  7 ball pythons
  An endoplasm (D:2)
  3 giant cockroaches (D:1)
  3 hobgoblins (D:1)
  4 quokkas
  8 bats
  3 frilled lizards
  2 goblins (D:1)
  4 kobolds
  4 rats
49 creatures vanquished.

Notes
Turn   | Place    | Note
-------+----------+-------------------------------------------
     0 | D:1      | cayde69 the Hill Orc Fighter began the quest for the Orb.
     0 | D:1      | Reached XP level 1. HP: 19/19 MP: 1/1
    81 | D:1      | Reached skill level 4 in Fighting
    91 | D:1      | Reached XP level 2. HP: 7/27 MP: 2/2
   706 | D:1      | Reached XP level 3. HP: 33/35 MP: 3/3
  1179 | D:2      | Noticed Jessica
  1190 | D:2      | Killed Jessica
  1191 | D:2      | Reached skill level 5 in Fighting
  1191 | D:2      | Reached XP level 4. HP: 7/42 MP: 4/4
  1711 | D:2      | Reached skill level 1 in Dodging
  1828 | D:2      | Reached skill level 1 in Maces & Flails
  1834 | D:2      | Reached skill level 1 in Slings
  2099 | D:2      | Reached XP level 5. HP: 43/48 MP: 5/5
  2217 | D:2      | Noticed Terence
  2228 | D:2      | Killed Terence
  2330 | D:3      | Found a faded altar of an unknown god.
  2335 | D:3      | Prayed at the altar of an unknown god.
  2335 | D:3      | Became a worshipper of Fedhas Madash
  2335 | D:3      | Reached * piety under Fedhas
  2336 | D:3      | Quit the game

Illustrated notes

Levels and vault maps discovered:
D:1:      dpeg_arrival_arbitrary_c, layout_loops_ring, st_stairs_11,
          kennysheep_crisscross, minmay_pentomino_v2
D:2:      layout_rooms, uniq_jessica, uniq_terence
D:3:      layout_loops_cross, shapermc_ecumenical_altar_starsandcircs

Skill      XL: |  1  2  3  4 |
---------------+-------------+-----
Fighting       | 4 5 |  5.6
Dodging        | 1 |  1.1
Maces & Flails | 1 |  1.8
Slings         | 1 |  1.3
Axes           | |  2.6
Armour         | |  3.2
Stealth        | |  0.4
Shields        | |  3.2

Action                   |  1- 3 |  4- 6 || total
-------------------------+-------+-------++-------
Melee: War axe           |    74 |       ||    74
       Club              |       |    66 ||    66
 Fire: Hunting sling     |     7 |       ||     7
Armor: Scale mail        |    42 |    19 ||    61
Dodge: Dodged            |    57 |    33 ||    90
Block: Buckler           |    32 |    15 ||    47
